 Dungeon Crawl Stone Soup version 0.31.0-32-g396128a36d (webtiles) character file.

Game seed: 5605963764054599171

235809 Lycan the Peltast (level 19, 0/274 HPs)
             Began as an Octopode Shapeshifter on Mar 21, 2024.
             Was an Initiate of Gozag.
             Killed by divine providence
             ... invoked by an orc high priest
             ... led by Saint Roka
              (10 damage)
             ... on level 1 of the Vaults.
             The game lasted 01:06:49 (38687 turns).

Lycan the Peltast (Octopode Shapeshifter)          Turns: 38687, Time: 01:06:49

Health: 0/274      AC: 40    Str: 24    XL:     19   Next: 64%
Magic:  0/31       EV: 24    Int: 20    God:    Gozag
Gold:   9492       SH: 28    Dex: 20    Spells: 20/22 levels left

rFire   . .          .
                       - Unarmed
rCold   + . .        H - +6 tower shield {AC+3}
rNeg    + . .        C - +2 hat of the Stone Wall {MP+9 Str+3 Slay+3}
rPois   ∞            h - amulet of Yveut {Spirit rPois SInv}
rElec   +            c - ring of protection from cold
rCorr   +            E - +5 ring of evasion
SInv    +            T - +4 ring of protection
Will    ++...        D - +6 ring of dexterity Stlth
                     t - +4 ring of protection
HPRegen 0.65/turn    v - ring "Zuwu" {rC+ Str+7 Dex+3 Slay-6 SInv}
MPRegen 0.22/turn    V - ring of Anomungu {rPois rC- Will+ rCorr Slay+2}
                     Z - ring of wizardry

%: guardian spirit, wizardry (x1)
@: berserking (expiring), statue-form, gold aura, studying 2 skills
A: slow and powerful, torment resistance 1, boosted hp, almost no armour,
amphibious, 8 rings, camouflage 1, (gelatinous body 1), (nimble swimmer 1),
tentacles
}: 1/15 runes: serpentine
a: Begin Untransformation, Renounce Religion, Potion Petition, Call Merchant,
Bribe Branch


You were on level 1 of the Vaults.
You worshipped Gozag.
Gozag was greatly pleased with you.
You were a living statue of rough stone.
You visited 6 branches of the dungeon, and saw 29 of its levels.

You collected 12555 gold pieces.
You spent 3020 gold pieces at shops.
You paid 43 gold pieces to Gozag.


Innate Abilities, Weirdness & Mutations

You are a living statue of rough stone.
Your actions are slow, but your melee attacks are powerful.
You are resistant to unholy torment.
Your maximum health is greatly increased.
You cannot wear most types of armour.
You are amphibious.
You can wear up to eight rings at the same time.
You are immune to poison.
Your skin changes colour to match your surroundings (Stealth+).
((Your rubbery body absorbs attacks. (AC +1, EV +1)))
((You are camouflaged when in or above water. (Stealth+)))
You have tentacles for arms and can constrict up to eight enemies at once.


   Skills:
 + Level 15.7 Fighting
 + Level 11.0 Dodging
 - Level 5.0 Stealth
 - Level 18.0 Shields
 - Level 15.0 Unarmed Combat
 - Level 2.0 Spellcasting
 - Level 3.0 Translocations
 - Level 7.0 Evocations
 + Level 16.5 Shapeshifting


You had 20 spell levels left.
You knew the following spells:

 Your Spells              Type           Power      Damage    Failure   Level
B - Blink                 Tloc           28%        N/A       5%          2

Your spell library contained the following spells:

 Spells                   Type           Power      Damage    Failure   Level
 Apportation              Tloc           28%        N/A       3%          1
 Gell's Gravitas          Tloc           14%        N/A       11%         3
 Teleport Other           Tloc           14%        N/A       11%         3
 Freeze                   Ice            8%         1d3       12%         1
 Magic Dart               Conj           8%         1d3       12%         1
 Necrotise                Necr           8%         1d4       12%         1
 Shock                    Conj/Air       8%         1d3       12%         1
 Sting                    Conj/Alch      8%         1d3       12%         1
 Summon Small Mammal      Summ           8%         N/A       12%         1
 Call Imp                 Summ           4%         N/A       17%         2
 Volatile Blastmotes      Fire/Tloc      16%        2d11      19%         3
 Call Canine Familiar     Summ           2%         N/A       32%         3
 Frozen Ramparts          Ice            4%         1d1       32%         3
 Hailstorm                Conj/Ice       2%         3d5       32%         3
 Inner Flame              Hex/Fire       2%         N/A       32%         3
 Stone Arrow              Conj/Erth      4%         3d7       32%         3
 Swiftness                Air            2%         N/A       32%         3
 Passage of Golubria      Tloc           14%        N/A       32%         4
 Dimensional Bullseye     Hex/Tloc       4%         N/A       52%         4
 Iskenderun's Mystic Bla  Conj/Tloc      8%         2d4       52%         4
 Airstrike                Air            1%         2d(1-17)  71%         4
 Flame Wave               Conj/Fire      2%         2d4       71%         4
 Fulminant Prism          Conj/Alch      1%         3d5       71%         4
 Ignite Poison            Fire/Alch      2%         N/A       71%         4
 Leda's Liquefaction      Alch/Erth      1%         N/A       71%         4
 Petrify                  Alch/Erth      2%         N/A       71%         4
 Sticky Flame             Fire/Alch      2%         2d4       71%         4
 Summon Blazeheart Golem  Fire/Summ      2%         N/A       71%         4
 Summon Forest            Summ/Tloc      4%         N/A       85%         5
 Iskenderun's Battlesphe  Conj           2%         2d6       96%         5
 Metabolic Englaciation   Hex/Ice        1%         N/A       96%         5
 Dispersal                Tloc           7%         N/A       99%         6
 Bombard                  Conj/Erth      1%         9d1       100%        6
 Malign Gateway           Summ/Tloc      4%         N/A       100%        7
 Spellforged Servitor     Conj/Summ      1%         N/A       100%        7
 Ignition                 Fire           1%         3d3       100%        8
 Lehudib's Crystal Spear  Conj/Erth      1%         10d2      100%        8
 Animate Armour           Summ/Erth      Unusable   N/A       N/A         4

Inventory:

Missiles
 B - 4 throwing nets {=f}
 N - 4 curare-tipped darts {=f}
Armour
 C - the +2 hat of the Stone Wall (worn) {MP+9 Str+3 Slay+3}
   (You found it on level 1 of the Snake Pit)

   Str+3:     It affects your strength (+3).
   Slay+3:    It affects your accuracy & damage with ranged weapons and melee
   (+3).
   MP+9:      It affects your magic capacity (+9).
 H - a +6 tower shield of protection (worn)
Jewellery
 c - a ring of protection from cold (left tentacle)
 h - the amulet of Yveut (around mantle) {Spirit rPois SInv}
   (You found it on level 13 of the Dungeon)

   [amulet of guardian spirit]

   Spirit:    It causes incoming damage to be divided between your reserves of
   health and magic.
   rPois:     It protects you from poison SInv: It lets you see invisible.
 t - a +4 ring of protection (on tentacle)
 v - the ring "Zuwu" (on tentacle) {rC+ Str+7 Dex+3 Slay-6 SInv}
   (You found it on level 13 of the Dungeon)

   [ring of protection from cold]

   Str+7:     It affects your strength (+7).
   Dex+3:     It affects your dexterity (+3).
   Slay-6:    It affects your accuracy & damage with ranged weapons and melee
   (-6).
   rC+:       It protects you from cold.
   SInv:      It lets you see invisible.
 D - a +6 ring of dexterity (on tentacle)
 E - a +5 ring of evasion (right tentacle)
 I - a +6 ring of intelligence
 J - an amulet of reflection
 T - a +4 ring of protection (on tentacle)
 V - the ring of Anomungu (on tentacle) {rPois rC- Will+ rCorr Slay+2}
   (You took it off a centaur on level 11 of the Dungeon)

   [ring of willpower]

   Slay+2:    It affects your accuracy & damage with ranged weapons and melee
   (+2).
   rC-:       It makes you vulnerable to cold.
   rPois:     It protects you from poison Will+: It increases your willpower.
   rCorr:     It protects you from acid and corrosion.
 Z - a ring of wizardry (on tentacle)
Talismans
 F - a granite talisman (active)
Wands
 u - a wand of acid (10)
 x - a wand of polymorph (12)
 y - a wand of digging (7)
 G - a wand of charming (15)
 P - a wand of flame (11)
 Q - a wand of iceblast (17)
 R - a wand of mindburst (6)
Scrolls
 d - 3 scrolls of silence {!r}
 e - 11 scrolls of teleportation {@r2}
 g - 2 scrolls of blinking
 i - a scroll of torment
 k - 4 scrolls of vulnerability
 l - 9 scrolls of amnesia
 o - 4 scrolls of poison
 r - 2 scrolls of fog
 w - a scroll of butterflies
 K - 5 scrolls of revelation
 M - 3 scrolls of fear
 U - 10 scrolls of identify {@r1}
Potions
 a - 3 potions of lignification
 f - 5 potions of attraction
 j - 3 potions of cancellation
 m - 8 potions of mutation
 n - 14 potions of curing {@q1}
 p - 2 potions of berserk rage {!q}
 q - a potion of resistance
 s - a potion of invisibility
 z - 2 potions of magic
 A - 4 potions of enlightenment
 L - 3 potions of might
 O - a potion of haste {@q3}
 W - 2 potions of brilliance
Miscellaneous
 b - a phantom mirror
 Y - a condenser vane

Dungeon Overview and Level Annotations

Branches:
Dungeon (15/15)            Temple (0/1) D:4            Lair (5/5) D:10
 Shoals (2/4) Lair:3        Snake (4/4) Lair:2        Slime (0/5) Lair:5
    Orc (2/2) D:9             Elf (0/3) Orc:2        Vaults (1/5) D:13
 Depths (0/4) D:15

Altars:
Ashenzari
Gozag
Makhleb
Nemelex Xobeh
Sif Muna
Trog
Uskayaw
The Shining One

Shops:
D:5 *   D:9 ?   D:10 ?   Orc:1 !   Orc:2 *[(=:   Shoals:2 *   Vaults:1 ?

Portals:
Abyss: D:5
Trove: D:14 (show slimy rune of Zot)

Annotations:
D:5 2 transporters, LichGlitch's ghost, novice DsNe
D:14 2 transporters
Snake:2 2 transporters, adizb's ghost, adept MiFi

▒▒▒▒▒▒▒▒▒▒▒▒▒▒▒▒▒▒▒▒▒▒▒▒
........................
........................
▒▒▒▒▒▒+▒▒▒▒▒▒▒▒........
▓▓ ▓▓▓.▓▓▓ ▓▓▒........
▓...▓$▓.▓(▓...▓▒........
▒
▓.#..$▒4▒:..#.▓▒........
▒
▓...▓!▓8▓$▓...▓▒........
▒ ▓▓ ▓▓▓o▓▓▓ ▓▓▒[.......
▒ ▓$3o▓ ▒........ ▒
..o#o.. ▒........ ▒
..▓▓...▓▓.. ▒........ ▒
▓. ▓▓▒▓▓ .▓ ▒........ ▒
▓ ... ▓ ▒........ ▒ .).
▒........ ▒ .)?
▒........


You could see an orc knight (strong), an orc high priest (strong), a hellwing
(summoned, unaware), a neqoxec (summoned) and 2 orc priests.


Message History

* * * LOW HITPOINT WARNING * * *
You batter Saint Roka!!
You kill Saint Roka!
The neqoxec gestures at you. Something gnaws heavily on your mind!
* * * LOW HITPOINT WARNING * * *
Your Dodging skill increases to level 11!
You barely miss the hellwing. You block the hellwing's attack. x2
Unknown command.
You tentacle-slap the hellwing. Your squeeze misses the hellwing.
The hellwing is lightly wounded.
The orc priest no longer looks unusually strong.
The tengu reaver blocks your attack.
Your grab misses the tengu reaver. Your squeeze misses the tengu reaver.
The tengu reaver is almost dead.
The hellwing swoops through the air toward you!
You block the hellwing's attack. x2
Unknown command.
You batter the tengu reaver!!
You kill the tengu reaver!
The orc priest no longer looks unusually strong.
The orc knight roars a battlecry!
The orc priest goes into a battle-frenzy!
You closely miss the orc priest. Your grab misses the orc priest.
The hellwing is distracted by your dazzling golden aura.
You block the orc priest's attack.
The orc high priest mumbles some strange prayers to Beogh against you.
Beogh smites you!
You die...
Your body crumbles into a pile of gold.

Skill      XL: |  1  2  3  4  5  6  7  8  9 10 11 12 13 14 15 16 17 18 19 |
---------------+----------------------------------------------------------+-----
Fighting       | 2 3 4 5 6 7 8 10 11 12 13 14 15 | 15.7
Shapeshifting  | 4 5 6 7 10 12 13 16 | 16.5
Evocations     | 3 4 6 7 |  7.0
Unarmed Combat | 6 7 8 10 11 12 13 14 15 | 15.0
Dodging        | 5 6 7 8 10 11 | 11.0
Stealth        | 5 |  5.0
Translocations | 2 3 |  3.0
Spellcasting   | 1 2 |  2.0
Shields        | 6 13 17 18 | 18.0

Action                     |  1- 3 |  4- 6 |  7- 9 | 10-12 | 13-15 | 16-18 | 19-21 || total
---------------------------+-------+-------+-------+-------+-------+-------+-------++-------
  Melee: Unarmed           |    61 |   119 |   245 |   461 |  1031 |   930 |   216 ||  3063
         Tentacles         |    17 |    23 |    68 |       |    50 |   238 |    75 ||   471
         Constrict         |    17 |    31 |    57 |    99 |   184 |   111 |    25 ||   524
         Punch             |     1 |     4 |     3 |       |    18 |    88 |    28 ||   142
    Use: Potion            |       |       |     3 |     3 |     2 |     5 |     3 ||    16
         Scroll            |       |       |     9 |     8 |     7 |    14 |     1 ||    39
   Stab: Sleeping          |     9 |    13 |     4 |     6 |    11 |    10 |     4 ||    57
         Distracted        |       |       |     1 |     2 |     5 |    14 |     2 ||    24
 Armour: Skin              |    19 |    45 |    64 |   320 |   548 |   631 |    87 ||  1714
  Dodge: Dodged            |    30 |    53 |   192 |   401 |   844 |   801 |   106 ||  2427
  Block: Other             |       |       |       |    89 |   213 |    48 |       ||   350
         Reflection        |       |       |       |     3 |     5 |     3 |       ||    11
         Kite shield       |       |       |       |       |       |   293 |       ||   293
         Tower shield      |       |       |       |       |       |   851 |   309 ||  1160
   Form: Flux              |       |       |     1 |       |       |       |       ||     1
         Serpent           |       |       |       |     1 |       |       |       ||     1
         Statue            |       |       |       |       |     1 |       |       ||     1

Levels and vault maps discovered:
D:1:      minmay_arrival_cross, layout_basic, hangedman_decor_growths
D:2:      minmay_thinvault, layout_rooms, basic_altar
D:3:      layout_basic, mainiacjoe_overflow_brackets, uniq_natasha
D:4:      layout_basic, mainiacjoe_overflow_catwalk,
          nicolae_sif_muna_little_library, minmay_temple_entry_mist,
          bh_walls_and_bars
D:5:      layout_basic, mainiacjoe_overflow_alcove_4, serial_shops,
          nicolae_shop_tiny_waterfront, gammafunk_ghost_abyssal_escape,
          chequers_mini_garden, sigmund_army
D:6:      layout_basic, hangedman_abyss_or_decor_lesser_grid,
          small_statue_intersection, kennysheep_generic_room_15, uniq_menkaure
D:7:      layout_gridville
D:8:      layout_loops_ring, mrwooster_statue_mirror
D:9:      layout_basic, orc_david_3, serial_shops, shop, uniq_erica
D:10:     layout_basic, david_lair_shrubbed, serial_shops, kennysheep_mini
D:11:     minmay_spotlight, layout_cave_pods
D:12:     layout_rooms, minmay_lindwurm_lava
D:13:     hangedman_screamer, layout_cross, ximxim_vaults_locker_room,
          kennysheep_treasure_room
D:14:     layout_stronghold, nicolae_trove_entry_crossroad, serial_rivers,
          chequers_serial_rivers_small_a, chequers_serial_rivers_large_a,
          chequers_serial_rivers_micro_d, chequers_serial_rivers_micro_c,
          kennysheep_small_spiral, hellmonk_jugg_or_not
D:15:     grunt_enter_depths_hoard, layout_rooms, interstate_on_off,
          minivault_11, chequers_serial_rivers_micro_c, dancing_weapons_uskayaw
Lair:1:   layout_long_grid, uniq_jeremiah
Lair:2:   layout_chaotic_city, alex1729_snake_entry_snake, basic_altar,
          hellmonk_guarded_unrand_seven_league_boots
Lair:3:   layout_regular_city, nicolae_shoals_entry_roost, minmay_holes,
          chequers_serial_rivers_small_3, lemuel_fruit_tree,
          infiniplex_staircase_pool, grunt_megastairs_3
Lair:4:   layout_gridlike, beast_lair_carwin_2, serial_bayou_shore_a
Lair:5:   minmay_lair_end_frog_pond, layout_gridlike, slime_entry_1, uniq_nessos
Shoals:1: cheibrodos_shoals_three_sisters, layout_shoals
Shoals:2: nicolae_shoals_aurelia_aurita, layout_shoals, serial_shops,
          nicolae_shop_back_alley_shop, nicolae_shoals_land_atoll,
          nicolae_shoals_pincushion_passage
Snake:1:  layout_onion, uniq_nikola, uniq_frances
Snake:2:  layout_grid_maze, gammafunk_ghost_arena, evilmike_ambush
          [evilmike_ambush_outer_basic, evilmike_ambush_inner_cross]
Snake:3:  layout_onion_interference, special_room, nicolae_integral_box,
          uniq_louise, uniq_azrael, uniq_aizul, uniq_vashnia
Snake:4:  snake_pit_salamanders_mu, layout_onion, uniq_asterion
Orc:1:    layout_diamond_mine, serial_shops, shop
Orc:2:    st_orc_open, layout_caves, basic_altar, lemuel_statue_altar,
          nicolae_shop_vocational
Vaults:1: minmay_guarded_unrand_guard, hangedman_vaults_stagger,
          minmay_orc_keep, v_misc_12, vaults_dpeg_emergency_exit,
          layout_vaults_omnigrid, serial_shops, nicolae_shop_stone,
          uniq_saint_roka, uniq_zenata

Notes
Turn   | Place    | Note
-------+----------+-------------------------------------------
     0 | D:1      | Lycan the Octopode Shapeshifter began the quest for the
                  | Orb.
     0 | D:1      | Reached XP level 1. HP: 13/13 MP: 1/1
   114 | D:1      | Reached skill level 2 in Fighting
   114 | D:1      | Reached XP level 2. HP: 19/19 MP: 2/2
   650 | D:2      | Found an opulent altar of Gozag.
   711 | D:2      | Reached XP level 3. HP: 17/25 MP: 3/3
   754 | D:2      | Reached skill level 3 in Fighting
   780 | D:2      | Became a worshipper of Gozag Ym Sagoz the Greedy
   961 | D:2      | Reached XP level 4. HP: 26/31 MP: 4/4
  1740 | D:3      | Found a glowing golden altar of the Shining One.
  2183 | D:3      | Noticed Natasha
  2187 | D:3      | Killed Natasha
  2188 | D:3      | Reached skill level 4 in Fighting
  2188 | D:3      | Reached XP level 5. HP: 28/37 MP: 5/5
  2246 | D:3      | Noticed Natasha
  2249 | D:3      | Killed Natasha
  2250 | D:3      | Reached skill level 4 in Shapeshifting
  2638 | D:4      | Found a burning altar of Makhleb.
  2762 | D:4      | Found a staircase to the Ecumenical Temple.
  2779 | D:4      | Reached XP level 6. HP: 44/44 MP: 6/6
  3241 | D:4      | Found a shimmering blue altar of Sif Muna.
  3348 | D:4      | Reached skill level 5 in Fighting
  3589 | D:5      | Entered Level 5 of the Dungeon
  3594 | D:5      | Reached skill level 5 in Shapeshifting
  3675 | D:5      | Found Gotoodat's Assorted Antiques.
  3681 | D:5      | Bought a scroll labelled OVVINW BAIDEE for 24 gold pieces
  3681 | D:5      | Bought a scroll labelled FEMNOB NOKOMA for 24 gold pieces
  3681 | D:5      | Bought a fuming yellow potion for 21 gold pieces
  3681 | D:5      | Bought a crooked bone wand for 96 gold pieces
  3681 | D:5      | Bought a short iron wand for 96 gold pieces
  3702 | D:5      | Found a one-way gate to the infinite horrors of the Abyss.
  3702 | D:5      | Noticed LichGlitch's ghost (novice DsNe)
  3960 | D:5      | Found a transporter.
  3985 | D:5      | Found a transporter.
  4033 | D:5      | Reached XP level 7. HP: 26/50 MP: 7/7
  4035 | D:5      | Reached skill level 1 in Evocations
  4142 | D:5      | Reached skill level 2 in Evocations
  4419 | D:5      | Found a broken altar of Ashenzari.
  4844 | D:7      | Noticed a steam dragon
  4857 | D:7      | Killed a steam dragon
  4858 | D:7      | Reached skill level 3 in Evocations
  4858 | D:7      | Reached skill level 6 in Shapeshifting
  4987 | D:6      | Reached XP level 8. HP: 29/55 MP: 8/8
  5145 | D:6      | Reached skill level 7 in Shapeshifting
  5474 | D:6      | Noticed Menkaure
  5480 | D:6      | Killed Menkaure
  5481 | D:6      | Reached skill level 4 in Unarmed Combat
  5625 | D:6      | Reached skill level 5 in Unarmed Combat
  6251 | D:7      | Got the Enchiridion on Unified Orientation
  6366 | D:7      | Reached skill level 6 in Fighting
  6366 | D:7      | Reached skill level 6 in Unarmed Combat
  6370 | D:7      | Reached XP level 9. HP: 48/62 MP: 9/9
  7523 | D:8      | Reached skill level 7 in Fighting
  7523 | D:8      | Reached skill level 7 in Unarmed Combat
  7957 | D:9      | Noticed a troll
  7975 | D:9      | Killed a troll
  7976 | D:9      | Reached skill level 8 in Shapeshifting
  8257 | D:9      | Found a staircase to the Orcish Mines.
  8328 | D:9      | Reached skill level 9 in Shapeshifting
  8381 | D:9      | Noticed Erica
  8389 | D:9      | Killed Erica
  8390 | D:9      | Reached skill level 10 in Shapeshifting
  8390 | D:9      | Reached XP level 10. HP: 33/71 MP: 10/10
  8901 | D:9      | Found Muasegun's Magic Scroll Shop.
  8947 | D:9      | Bought a scroll of vulnerability for 52 gold pieces
  8947 | D:9      | Bought a scroll of fear for 52 gold pieces
  8947 | D:9      | Bought a scroll of identify for 26 gold pieces
  8947 | D:9      | Bought a scroll of identify for 26 gold pieces
  8947 | D:9      | Bought a scroll of identify for 26 gold pieces
  8947 | D:9      | Identified a potion of resistance
  8964 | D:10     | Entered Level 10 of the Dungeon
  9258 | D:10     | Killed an unseen horror
  9259 | D:10     | Reached skill level 3 in Dodging
  9481 | D:10     | Found Dearoe's Magic Scroll Boutique.
  9592 | D:10     | Bought a scroll of identify for 32 gold pieces
  9592 | D:10     | Bought a scroll of enchant weapon for 120 gold pieces
  9592 | D:10     | Bought a scroll of identify for 32 gold pieces
  9592 | D:10     | Bought a scroll of poison for 64 gold pieces
  9592 | D:10     | Bought a scroll of silence for 152 gold pieces
  9616 | D:10     | Noticed a gargoyle
  9625 | D:10     | Killed a gargoyle
  9626 | D:10     | Reached skill level 8 in Fighting
  9626 | D:10     | Reached skill level 4 in Dodging
  9626 | D:10     | Reached skill level 8 in Unarmed Combat
  9812 | D:10     | Noticed a two-headed ogre
  9819 | D:10     | Killed a two-headed ogre
  9820 | D:10     | Reached skill level 5 in Dodging
  9820 | D:10     | Reached XP level 11. HP: 78/78 MP: 11/11
  9979 | D:10     | Found a staircase to the Lair.
 10246 | D:10     | Noticed a two-headed ogre
 10255 | D:10     | Killed a two-headed ogre
 10256 | D:10     | Reached skill level 9 in Fighting
 10256 | D:10     | Reached skill level 9 in Unarmed Combat
 10407 | D:10     | Reached skill level 6 in Dodging
 10601 | D:11     | Noticed a manticore
 10601 | D:11     | Noticed a boulder beetle
 10641 | Lair:1   | Entered Level 1 of the Lair of Beasts
 10713 | Lair:1   | Reached skill level 1 in Stealth
 10727 | Lair:1   | Reached skill level 2 in Stealth
 10747 | Lair:1   | Reached skill level 3 in Stealth
 10755 | Lair:1   | Reached skill level 4 in Evocations
 11029 | Lair:1   | Reached skill level 4 in Stealth
 11322 | Lair:1   | Reached skill level 5 in Stealth
 11322 | Lair:1   | Reached skill level 10 in Unarmed Combat
 11401 | Lair:1   | Reached skill level 10 in Fighting
 11468 | Lair:1   | Noticed Jeremiah
 11490 | Lair:1   | Reached XP level 12. HP: 85/87 MP: 12/12
 11520 | Lair:1   | Killed Jeremiah
 12530 | Lair:2   | Reached skill level 5 in Evocations
 12762 | Lair:2   | Noticed a six-headed hydra
 12771 | Lair:2   | Noticed a boulder beetle
 12809 | Lair:2   | Killed a boulder beetle
 12989 | Lair:2   | Killed a six-headed hydra
 12990 | Lair:2   | Reached skill level 7 in Dodging
 13185 | Lair:2   | Noticed a five-headed hydra
 13303 | Lair:2   | Killed a five-headed hydra
 13434 | Lair:2   | Found the +3 pair of seven-league boots {Rampage+∞}
 13661 | Lair:2   | Found a bloodstained altar of Trog.
 13802 | Lair:2   | Reached skill level 6 in Evocations
 13810 | Lair:2   | Found a staircase to the Snake Pit.
 14380 | Lair:3   | Reached skill level 11 in Fighting
 14380 | Lair:3   | Reached skill level 11 in Unarmed Combat
 14487 | Lair:3   | Found a staircase to the Shoals.
 14502 | Lair:3   | Reached XP level 13. HP: 82/95 MP: 13/13
 14668 | Lair:3   | Reached skill level 11 in Shapeshifting
 14677 | Lair:3   | Reached skill level 8 in Dodging
 16454 | Lair:5   | Entered Level 5 of the Lair of Beasts
 16478 | Lair:5   | Found a staircase to the Slime Pits.
 16763 | Lair:5   | Reached skill level 12 in Fighting
 16765 | Lair:5   | Reached skill level 12 in Unarmed Combat
 16881 | Lair:5   | Reached skill level 12 in Shapeshifting
 17690 | Lair:5   | Reached XP level 14. HP: 74/103 MP: 14/14
 18092 | Lair:5   | Reached skill level 7 in Evocations
 18486 | Lair:5   | Noticed Nessos
 18500 | Lair:5   | Killed Nessos
 18921 | D:11     | Reached skill level 9 in Dodging
 19003 | D:11     | Identified the ring of Anomungu {rPois rC- Will+ rCorr
                  | Slay+2}
 20254 | D:12     | Reached skill level 13 in Fighting
 20254 | D:12     | Reached skill level 13 in Unarmed Combat
 20783 | D:12     | Identified the staff of the Shallot {Fly rF+ rC+ Earth}
 21328 | D:12     | Reached skill level 13 in Shapeshifting
 21600 | D:13     | Reached skill level 10 in Dodging
 21810 | D:13     | Found a runed translucent door.
 21811 | D:13     | Noticed a tengu reaver
 21886 | D:13     | Reached XP level 15. HP: 109/109 MP: 15/15
 21996 | D:13     | Reached skill level 14 in Unarmed Combat
 22000 | D:13     | Reached skill level 14 in Fighting
 22869 | D:13     | Found a gate to the Vaults.
 23136 | D:14     | Found a transporter.
 23136 | D:14     | Found a transporter.
 23137 | D:14     | Found a sparkling altar of Nemelex Xobeh.
 23137 | D:14     | Noticed a juggernaut
 23138 | D:14     | Found a transporter.
 23146 | D:14     | Found a transporter.
 23147 | D:14     | Found a transporter.
 23150 | D:14     | Found a transporter.
 23290 | D:14     | Found a portal to a secret trove of treasure.
 23955 | D:15     | Entered Level 15 of the Dungeon
 24052 | D:15     | Found a hide-covered altar of Uskayaw.
 24129 | D:15     | Found a staircase to the Depths.
 24811 | D:15     | Identified the +0 pair of gloves "Efeplit" {Harm rElec}
 24876 | D:15     | Learned a level 2 spell: Blink
 25042 | Orc:1    | Entered Level 1 of the Orcish Mines
 25278 | Orc:2    | Entered Level 2 of the Orcish Mines
 25356 | Orc:2    | Reached skill level 1 in Translocations
 25364 | Orc:2    | Reached skill level 1 in Spellcasting
 25493 | Orc:2    | Reached skill level 2 in Translocations
 25514 | Orc:2    | Reached XP level 16. HP: 120/120 MP: 18/18
 25563 | Orc:2    | Reached skill level 2 in Spellcasting
 25583 | Orc:2    | Reached skill level 15 in Fighting
 25592 | Orc:2    | Reached skill level 15 in Unarmed Combat
 25698 | Orc:2    | Reached skill level 14 in Shapeshifting
 25717 | Orc:2    | Found Cauth's General Store.
 25721 | Orc:2    | Reached skill level 3 in Translocations
 25733 | Orc:2    | Found Enoesuav's Armour Emporium.
 25736 | Orc:2    | Found a staircase to the Elven Halls.
 25744 | Orc:2    | Found Kiusyh's Jewellery Emporium.
 25779 | Orc:2    | Bought a ring of protection from cold for 375 gold pieces
 25892 | Orc:2    | Found Genwoliy's Weapon Shoppe.
 25895 | Orc:2    | Bought a +0 pair of gloves for 58 gold pieces
 25895 | Orc:2    | Bought a scroll of blinking for 97 gold pieces
 26011 | Orc:2    | Found Boineph's Vocational Training.
 26062 | Orc:2    | Bought a manual of Evocations for 960 gold pieces
 26437 | Orc:1    | Found Seoh's Distillery.
 26484 | Orc:1    | Bought a potion of curing for 39 gold pieces
 26484 | Orc:1    | Bought a potion of curing for 39 gold pieces
 26484 | Orc:1    | Bought a potion of lignification for 39 gold pieces
 26484 | Orc:1    | Bought a potion of berserk rage for 65 gold pieces
 26484 | Orc:1    | Bought a potion of enlightenment for 65 gold pieces
 26484 | Orc:1    | Bought a potion of curing for 39 gold pieces
 26484 | Orc:1    | Bought a potion of enlightenment for 65 gold pieces
 26758 | Snake:1  | Entered Level 1 of the Snake Pit
 26787 | Snake:1  | Noticed Nikola
 26802 | Snake:1  | Killed Nikola
 26829 | Snake:1  | Reached skill level 15 in Shapeshifting
 26887 | Snake:1  | Noticed Frances
 26948 | Snake:1  | Killed Frances
 27331 | Snake:1  | Identified the +2 hat of the Stone Wall {MP+9 Str+3 Slay+3}
 28106 | Snake:2  | Reached skill level 16 in Shapeshifting
 28464 | Snake:2  | Reached skill level 1 in Shields
 28549 | Snake:2  | Reached skill level 2 in Shields
 28624 | Snake:2  | Found a transporter.
 28661 | Snake:2  | Found a transporter.
 28661 | Snake:2  | Noticed adizb's ghost (adept MiFi)
 28670 | Snake:2  | Reached skill level 3 in Shields
 29114 | D:13     | Killed a tengu reaver
 29120 | D:13     | Reached skill level 4 in Shields
 29178 | D:13     | Identified the amulet of Yveut {Spirit rPois SInv}
 29196 | D:13     | Identified the ring "Zuwu" {rC+ Str+7 Dex+3 Slay-6 SInv}
 29471 | Snake:2  | Reached skill level 5 in Shields
 29659 | Snake:2  | Reached skill level 6 in Shields
 29665 | Snake:2  | Reached XP level 17. HP: 127/127 MP: 20/20
 29749 | Snake:2  | Reached skill level 7 in Shields
 30131 | Snake:2  | Reached skill level 8 in Shields
 30215 | Snake:3  | Identified the serpent talisman of the Buccaneer {rElec
                  | Str-3 Int+4}
 30215 | Snake:3  | Noticed Aizul
 30231 | Snake:3  | Killed Aizul
 30382 | Snake:3  | Noticed Vashnia
 30382 | Snake:3  | Noticed Azrael
 30425 | Snake:3  | Noticed Louise
 30580 | Snake:2  | Killed Azrael
 30581 | Snake:2  | Reached skill level 9 in Shields
 31269 | Snake:3  | Reached skill level 10 in Shields
 31368 | Snake:3  | Killed Louise
 31676 | Snake:3  | Reached skill level 11 in Shields
 32229 | Snake:3  | Killed Vashnia
 32820 | Snake:4  | Entered Level 4 of the Snake Pit
 32849 | Snake:4  | Reached skill level 12 in Shields
 33381 | Snake:4  | Reached skill level 13 in Shields
 33438 | Snake:4  | Noticed Asterion
 33448 | Snake:4  | Noticed an Executioner
 33448 | Snake:4  | Killed Asterion
 33449 | Snake:4  | Reached XP level 18. HP: 134/134 MP: 21/21
 34233 | Snake:4  | Reached skill level 14 in Shields
 34506 | Snake:4  | Reached skill level 15 in Shields
 34596 | Snake:4  | Got a serpentine rune of Zot
 34811 | Shoals:1 | Entered Level 1 of the Shoals
 35115 | Shoals:1 | Reached skill level 16 in Shields
 36291 | Shoals:2 | Reached skill level 17 in Shields
 36646 | Shoals:2 | Reached XP level 19. HP: 139/139 MP: 22/22
 37087 | Shoals:2 | Found Burch's General Store.
 37523 | Vaults:1 | Entered Level 1 of the Vaults
 37622 | Vaults:1 | Noticed Zenata
 37646 | Vaults:1 | Killed Zenata
 37653 | Vaults:1 | Reached skill level 18 in Shields
 38131 | Vaults:1 | Found Vimpeh's Magic Scroll Shoppe.
 38136 | Vaults:1 | Bought a scroll of revelation for 112 gold pieces
 38136 | Vaults:1 | Bought a scroll of blinking for 112 gold pieces
 38136 | Vaults:1 | Bought a scroll of revelation for 112 gold pieces
 38612 | Vaults:1 | Noticed Saint Roka
 38629 | Vaults:1 | Found the +5 glaive of the Guard {elec, spectral}
 38681 | Vaults:1 | HP: 19/273 [Saint Roka/divine providence (13)]
 38682 | Vaults:1 | Killed Saint Roka
 38682 | Vaults:1 | HP: 8/273 [neqoxec/psychic fangs[Saint Roka] (12)]
 38683 | Vaults:1 | Reached skill level 11 in Dodging
 38687 | Vaults:1 | Killed from afar by an orc high priest

Vanquished Creatures
  Saint Roka (Vaults:1)
  Vashnia (Snake:3)
  Zenata (Vaults:1)
  Asterion (Snake:4)
  A kraken (Shoals:1)
  Frances (Snake:1)
  2 tengu reavers
  Aizul (Snake:3)
  4 nagarajas (Snake:4)
  2 vault wardens (Vaults:1)
  Louise (Snake:3)
  2 orc warlords (Vaults:1)
  2 ironbound preservers (Vaults:1)
  A very ugly thing (Vaults:1)
  A stone giant (Vaults:1)
  2 ironbound thunderhulks (Vaults:1)
  Nessos (Lair:5)
  Azrael (Snake:2)
  2 ettins
  3 merfolk impalers (Shoals:2)
  5 merfolk javelineers (Shoals:2)
  5 yaktaur captains
  A deep elf high priest (Vaults:1)
  4 great orbs of eyes (Vaults:1)
  3 salamander tyrants (Snake:4)
  8 hydras
  2 ogre magi (Orc:2)
  2 ice dragons (D:15)
  7 vault guards (D:13)
  A rakshasa (D:14)
  20 anacondas
  7 boulder beetles
  Erica (D:9)
  An ironbound frostheart (Vaults:1)
  An alligator snapping turtle (Shoals:2)
  3 merfolk avatars (Shoals:1)
  11 naga warriors
  3 merfolk aquamancers (Shoals:1)
  4 centaur warriors
  A satyr (Shoals:2)
  13 two-headed ogres
  A tengu warrior (D:13)
  25 naga sharpshooters
  4 orc high priests
  18 shock serpents
  10 salamander mystics
  4 skysharks
  4 skeletal warriors (D:12)
  7 deep trolls
  14 mana vipers
  A flayed ghost (D:13)
  2 goliath frogs (Lair:5)
  12 sea snakes (Shoals:1)
  3 naga ritualists
  An arcanist (Vaults:1)
  3 ironbound convokers (Vaults:1)
  8 lindwurms
  8 orc knights
  A necromancer (D:13)
  2 harpies (Lair:3)
  3 orc sorcerers
  5 deep elf pyromancers
  11 manticores
  8 ugly things
  11 fauns
  7 cyclopes
  14 salamanders
  A kobold blastminer (Orc:1)
  5 merfolk sirens
  A black mamba (shapeshifter) (D:13)
  6 centaur zombies (D:13)
  25 black mambas
  7 guardian serpents
  2 water nymphs (Shoals:1)
  16 naga magi
  2 gargoyles
  9 centaur skeletons (D:13)
  2 unseen horrors
  Jeremiah (Lair:1)
  20 cane toads
  6 yaktaurs (Vaults:1)
  A rime drake (Lair:3)
  9 komodo dragons
  2 tengu conjurers (D:11)
  14 trolls
  8 merfolk
  A polar bear (Lair:2)
  A hornet (shapeshifter) (D:14)
  5 wind drakes
  21 blink frogs
  A hornet (D:10)
  A tyrant leech (Lair:5)
  5 snapping turtles
  2 meliai zombies (D:13)
  24 slime creatures
  2 shadows (D:13)
  A jumping spider (shapeshifter) (D:13)
  6 wraiths
  61 yaks
  7 wyverns
  A fire elemental (Snake:2)
  4 humans (D:13)
  7 basilisks
  A steam dragon (D:7)
  13 vampire mosquitoes
  Menkaure (D:6)
  32 nagas
  3 acid dragons (D:11)
  17 water moccasins
  3 hell hounds (Snake:2)
  A black bear (shapeshifter) (D:14)
  3 ice beasts
  A sky beast (D:8)
  2 laughing skulls (D:13)
  15 orc warriors
  A black bear (Lair:1)
  26 ogres
  7 centaurs
  5 wolves (Lair:2)
  4 kobold brigands
  20 bullfrogs
  A scorpion (D:5)
  3 gnoll sergeants
  10 wights
  2 electric eels
  5 howler monkeys
  2 bombardier beetles (D:6)
  A jelly (D:7)
  3 hounds
  11 orc priests
  3 iguanas
  13 orc wizards
  A sleepcap (D:6)
  Natasha (twice) (D:3)
  A boggart skeleton (D:13)
  11 gnolls
  5 adders
  A white imp (D:7)
  2 dart slugs (D:2)
  2 ribbon worms
  59 orcs
  3 bats
  6 endoplasms
  3 giant cockroaches
  6 goblins
  15 hobgoblins
  3 jackals (D:2)
  20 kobolds
  2 quokkas
  7 ball pythons
  3 frilled lizards
  5 rats
974 creatures vanquished.

Vanquished Creatures (others)
  Nikola (Snake:1)
  A mana viper (Snake:1)
  A black mamba (Snake:4)
  A human (D:13)
  4 tentacles (Shoals:1)
8 creatures vanquished.

Grand Total: 982 creatures vanquished

Table legend: (Time is in decaauts)
 A = Elapsed time spent in this place.
 B = Non-inter-level travel time spent in this place.
 C = Inter-level travel time spent in this place.
 D = Time resting spent in this place.
 E = Time spent auto-exploring this place.
 F = Levels seen in this place.
 G = Mean time per level.
                   A        B        C        D        E       F      G
               +--------+--------+--------+--------+--------+-----+--------+
         Total |  46723 |  42095 |   4628 |   7434 |  26764 |  29 | 1611.1 |
       Dungeon |  19137 |  16988 |   2149 |   1795 |  12410 |  15 | 1275.8 |
          Lair |   8845 |   7862 |    983 |   1991 |   4579 |   5 | 1769.0 |
        Shoals |   4549 |   4427 |    122 |    740 |   2784 |   2 | 2274.5 |
     Snake Pit |  10126 |   9072 |   1054 |   2807 |   4287 |   4 | 2531.5 |
  Orcish Mines |   2366 |   2048 |    318 |     99 |   1390 |   2 | 1183.0 |
        Vaults |   1698 |   1697 |      1 |      0 |   1313 |   1 | 1698.0 |
               +--------+--------+--------+--------+--------+-----+--------+

Top non-repeatable levels by time:
 Snake:2: 3544 daAuts
 Snake:4: 2800 daAuts
Shoals:2: 2433 daAuts
  Lair:2: 2355 daAuts
    D:10: 2181 daAuts
Shoals:1: 2115 daAuts
 Snake:3: 2100 daAuts
  Lair:1: 1949 daAuts
  Lair:5: 1918 daAuts
    D:13: 1805 daAuts
    D:12: 1741 daAuts
Vaults:1: 1698 daAuts
   Orc:2: 1681 daAuts
 Snake:1: 1680 daAuts
    D:11: 1607 daAuts

Table legend:
 A = Non-vault XP
 B = Vault XP
 C = Vault XP percentage of total XP
 D = Non-vault monster count
 E = Vault monster count
 F = Vault count percentage of total count
                 A         B        C        D         E       F
            +---------+---------+-------+---------+---------+-------
      Total |  202578 |  166945 |  45.2 |     654 |     322 |  33.0
            +---------+---------+-------+---------+---------+-------
        D:1 |      30 |       0 |   0.0 |      18 |       0 |   0.0
        D:2 |      30 |      75 |  71.4 |      16 |      15 |  48.4
        D:3 |      67 |      35 |  34.3 |      15 |       1 |   6.2
        D:4 |     275 |       0 |   0.0 |      18 |       0 |   0.0
        D:5 |     361 |      10 |   2.7 |      11 |       5 |  31.2
        D:6 |     742 |     172 |  18.8 |      17 |       1 |   5.6
        D:7 |     717 |       0 |   0.0 |      12 |       0 |   0.0
        D:8 |     948 |       0 |   0.0 |      19 |       0 |   0.0
        D:9 |    1252 |    1119 |  47.2 |      17 |       8 |  32.0
       D:10 |    5671 |     527 |   8.5 |      27 |       2 |   6.9
       D:11 |    4182 |    2023 |  32.6 |      22 |       4 |  15.4
       D:12 |    8988 |    2625 |  22.6 |      33 |       4 |  10.8
       D:13 |    9680 |   19068 |  66.3 |      25 |      44 |  63.8
       D:14 |    6333 |       0 |   0.0 |      15 |       0 |   0.0
       D:15 |    7818 |    1750 |  18.3 |      22 |       2 |   8.3
     Lair:1 |    8530 |     394 |   4.4 |      39 |       1 |   2.5
     Lair:2 |    3323 |    4720 |  58.7 |      14 |      11 |  44.0
     Lair:3 |    4968 |    3826 |  43.5 |      21 |      13 |  38.2
     Lair:4 |    1796 |     796 |  30.7 |       8 |       4 |  33.3
     Lair:5 |    5760 |   13148 |  69.5 |      20 |      38 |  65.5
   Shoals:1 |   19895 |    6960 |  25.9 |      36 |       9 |  20.0
   Shoals:2 |   10408 |    8451 |  44.8 |      21 |      11 |  34.4
    Snake:1 |   14553 |    3682 |  20.2 |      27 |       2 |   6.9
    Snake:2 |   19274 |   12555 |  39.4 |      30 |      25 |  45.5
    Snake:3 |   19220 |    9166 |  32.3 |      37 |       8 |  17.8
    Snake:4 |   20330 |   32503 |  61.5 |      34 |      46 |  57.5
      Orc:1 |    5724 |       0 |   0.0 |      31 |       0 |   0.0
      Orc:2 |    3251 |   14748 |  81.9 |      19 |      36 |  65.5
   Vaults:1 |   18452 |   28592 |  60.8 |      30 |      32 |  51.6
            +---------+---------+-------+---------+---------+-------
